PAA
NORTHVILLE ECLIPSE @ MERCER ISLAND SCREAMING EAGLES
07/12/2029
 
TOP OF THE 1ST
Northville Eclipse batting - Pitching for Mercer Island Screaming Eagles : RHP Malulani Anakone
Pitching: RHP Malulani Anakone
Batting: LHB Darrell Woodmansee 0-0: Ball
1-0: Ball
2-0: Foul Ball, location: 2F
2-1: Fly out, F6 (Popup, 6MS)
Batting: LHB Octávio Ontiveros 0-0: Swinging Strike
0-1: Foul Ball, location: 2F
0-2: Foul Ball, location: 2F
0-2: Ball
1-2: Strikes out looking
Batting: RHB Cosmo Bjorkenheim 0-0: Ball
1-0: Ball
2-0: Ball
3-0: Base on Balls
Batting: LHB Edgardo De Jesús 0-0: Ball
1-0: Foul Ball, location: 2F
1-1: Ball
Wild Pitch!
Cosmo Bjorkenheim to second
2-1: Ball
3-1: Base on Balls
Batting: RHB Augusto Rocha 0-0: Swinging Strike
0-1: Ball
1-1: Foul Ball, location: 2F
1-2: Fly out, F9 (Flyball, 89S)
Top of the 1st over - 0 runs, 0 hits, 0 errors, 2 left on base; Northville 0 - Mercer Island 0
BOTTOM OF THE 1ST
Mercer Island Screaming Eagles batting - Pitching for Northville Eclipse : LHP Nobuhito Tanaka
Pitching: LHP Nobuhito Tanaka
Batting: RHB Wade Killefer 0-0: Foul Ball, location: 2F
0-1: Swinging Strike
0-2: Ball
1-2: Fly out, F2 (Popup, 2RF)
Batting: RHB Shizuo Heiwajaima 0-0: Called Strike
0-1: SINGLE (Line Drive, 56)
Batting: RHB Martinus Xhaka 0-0: Swinging Strike
0-1: Foul Ball, location: 2F
0-2: Ball
Shizuo Heiwajaima steals 2nd base
1-2: Foul Ball, location: 2F
1-2: SINGLE (Groundball, 56D)
Shizuo Heiwajaima to third
Runner from 3rd tries for Home, SAFE, no throw
Batting: RHB Jeffery Campbell 0-0: Ball
Wild Pitch!
Martinus Xhaka to second
1-0: Ball
2-0: Ball
3-0: Fly out, F7 (Flyball, 7)
Batting: SHB Ray Davis 0-0: Fly out, F4 (Popup, 4MD)
Bottom of the 1st over - 1 run, 2 hits, 0 errors, 1 left on base; Northville 0 - Mercer Island 1
TOP OF THE 2ND
Northville Eclipse batting - Pitching for Mercer Island Screaming Eagles : RHP Malulani Anakone
Batting: RHB Alfonso Grappasonni 0-0: Ball
1-0: Ground out 5-3 (Groundball, 5L)
Batting: RHB Luis Guerrero 0-0: Ball
1-0: Ball
2-0: Foul Ball, location: 2F
2-1: Foul Ball, location: 2F
2-2: Strikes out swinging
Batting: RHB Luis Hernández 0-0: Swinging Strike
0-1: Fly out, F8 (Flyball, 8LM)
Top of the 2nd over - 0 runs, 0 hits, 0 errors, 0 left on base; Northville 0 - Mercer Island 1
BOTTOM OF THE 2ND
Mercer Island Screaming Eagles batting - Pitching for Northville Eclipse : LHP Nobuhito Tanaka
Batting: RHB Robert Paulsen 0-0: Ball
1-0: Swinging Strike
1-1: Swinging Strike
1-2: Reached on error, E5 (Groundball, 56)
Batting: RHB Stanley van de Ven 0-0: SINGLE (Line Drive, 6M)
Robert Paulsen to third
Batting: LHB Jorge Pérez 0-0: Ball
1-0: Grounds into double play, 4-6-3 (Groundball, 4)
Robert Paulsen scores
Batting: LHB Jacob Herman 0-0: Ball
1-0: Foul Ball, location: 2F
1-1: Ball
2-1: Foul Ball, location: 2F
2-2: SINGLE (Popup, 4D)
Batting: RHB Wade Killefer 0-0: Ball
1-0: Foul Ball, location: 2F
1-1: Called Strike
1-2: Foul Ball, location: 2F
1-2: Ground out 6-3 (Groundball, 6)
Bottom of the 2nd over - 1 run, 2 hits, 1 error, 1 left on base; Northville 0 - Mercer Island 2
TOP OF THE 3RD
Northville Eclipse batting - Pitching for Mercer Island Screaming Eagles : RHP Malulani Anakone
Batting: SHB Raúl Rodríguez 0-0: Ball
1-0: Called Strike
1-1: Ball
2-1: Called Strike
2-2: Foul Ball, location: 2F
2-2: Strikes out swinging
Batting: LHB Darrell Woodmansee 0-0: Fly out, F8 (Flyball, 8LD)
Batting: LHB Octávio Ontiveros 0-0: Swinging Strike
0-1: Ball
1-1: DOUBLE (Flyball, 78D)
Batting: RHB Cosmo Bjorkenheim 0-0: Called Strike
0-1: Foul Ball, location: 2F
0-2: Ball
1-2: Foul Ball, location: 2F
1-2: Foul Ball, location: 2F
1-2: Ball
2-2: Strikes out looking
Top of the 3rd over - 0 runs, 1 hit, 0 errors, 1 left on base; Northville 0 - Mercer Island 2
BOTTOM OF THE 3RD
Mercer Island Screaming Eagles batting - Pitching for Northville Eclipse : LHP Nobuhito Tanaka
Batting: RHB Shizuo Heiwajaima 0-0: Ball
1-0: Called Strike
1-1: Swinging Strike
1-2: Ground out 5-3 (Groundball, 56S)
Batting: RHB Martinus Xhaka 0-0: Called Strike
0-1: Called Strike
0-2: Ball
1-2: Ball
2-2: DOUBLE (Groundball, 5L)
Batting: RHB Jeffery Campbell 0-0: Called Strike
0-1: Ball
1-1: Ground out 6-3 (Groundball, 6)
Batting: SHB Ray Davis 0-0: Ball
1-0: Called Strike
1-1: Ball
2-1: Ball
3-1: Foul Ball, location: 2F
3-2: Strikes out swinging
Bottom of the 3rd over - 0 runs, 1 hit, 0 errors, 1 left on base; Northville 0 - Mercer Island 2
TOP OF THE 4TH
Northville Eclipse batting - Pitching for Mercer Island Screaming Eagles : RHP Malulani Anakone
Batting: LHB Edgardo De Jesús 0-0: Ball
1-0: Ball
2-0: Ball
3-0: Base on Balls
Batting: RHB Augusto Rocha 0-0: Ball
1-0: Ball
Edgardo De Jesús steals 2nd base
2-0: Ground out 6-3 (Groundball, 6)
Edgardo De Jesús to third
Batting: RHB Alfonso Grappasonni 0-0: Called Strike
0-1: Ball
1-1: Ball
2-1: Swinging Strike
2-2: Ball
3-2: Strikes out swinging
Batting: RHB Luis Guerrero 0-0: Ball
1-0: Called Strike
1-1: Ball
2-1: Ball
3-1: Fly out, F4 (Line Drive, 4MD)
Top of the 4th over - 0 runs, 0 hits, 0 errors, 1 left on base; Northville 0 - Mercer Island 2
BOTTOM OF THE 4TH
Mercer Island Screaming Eagles batting - Pitching for Northville Eclipse : LHP Nobuhito Tanaka
Batting: RHB Robert Paulsen 0-0: Called Strike
0-1: Foul Ball, location: 2F
0-2: Strikes out swinging
Batting: RHB Stanley van de Ven 0-0: SINGLE (Line Drive, 6D)
Batting: LHB Jorge Pérez 0-0: Ball
1-0: Ball
Wild Pitch!
Stanley van de Ven to second
2-0: Ball
3-0: Base on Balls
Batting: LHB Jacob Herman 0-0: Swinging Strike
0-1: Foul Ball, location: 2F
0-2: Ball
1-2: Foul Ball, location: 2F
1-2: Ball
2-2: Foul Ball, location: 2F
2-2: Strikes out looking
Batting: RHB Wade Killefer 0-0: Ball
1-0: Swinging Strike
1-1: Fly out, F8 (Flyball, 8RD)
Bottom of the 4th over - 0 runs, 1 hit, 0 errors, 2 left on base; Northville 0 - Mercer Island 2
TOP OF THE 5TH
Northville Eclipse batting - Pitching for Mercer Island Screaming Eagles : RHP Malulani Anakone
Batting: RHB Luis Hernández 0-0: Ball
1-0: Ball
2-0: Ball
3-0: Base on Balls
Batting: SHB Raúl Rodríguez 0-0: Sac Bunt - play at first, batter OUT! 1-3
Luis Hernández to second
Batting: LHB Darrell Woodmansee 0-0: Called Strike
0-1: Foul Ball, location: 2F
0-2: Ball
1-2: Ball
2-2: Strikes out swinging
Batting: LHB Octávio Ontiveros 0-0: Ball
1-0: Ball
2-0: Foul Ball, location: 2F
2-1: Foul Ball, location: 2F
2-2: Ball
3-2: Base on Balls
Batting: RHB Cosmo Bjorkenheim 0-0: Swinging Strike
0-1: Foul Ball, location: 2F
0-2: Fielders Choice at 2nd, 6-4 (Groundball, 6)
Top of the 5th over - 0 runs, 0 hits, 0 errors, 2 left on base; Northville 0 - Mercer Island 2
BOTTOM OF THE 5TH
Mercer Island Screaming Eagles batting - Pitching for Northville Eclipse : LHP Nobuhito Tanaka
Batting: RHB Shizuo Heiwajaima 0-0: Ball
1-0: Foul Ball, location: 2F
1-1: Fly out, F8 (Flyball, 8LD)
Batting: RHB Martinus Xhaka 0-0: Ball
1-0: Called Strike
1-1: Ball
2-1: SINGLE (Line Drive, 7)
Batting: RHB Jeffery Campbell 0-0: Called Strike
0-1: Ball
1-1: Ball
2-1: Ball
3-1: Base on Balls
Martinus Xhaka to second
Batting: SHB Ray Davis 0-0: Called Strike
0-1: Foul Ball, location: 2F
0-2: Ball
1-2: Foul Ball, location: 2F
1-2: Grounds into double play, 5-4-3 (Groundball, 56)
Bottom of the 5th over - 0 runs, 1 hit, 0 errors, 1 left on base; Northville 0 - Mercer Island 2
TOP OF THE 6TH
Northville Eclipse batting - Pitching for Mercer Island Screaming Eagles : RHP Malulani Anakone
Batting: LHB Edgardo De Jesús 0-0: Foul Ball, location: 2F
0-1: Called Strike
0-2: Ball
1-2: Strikes out swinging
Batting: RHB Augusto Rocha 0-0: Foul Ball, location: 2F
0-1: Ball
1-1: SINGLE (Line Drive, 78S)
Batting: RHB Alfonso Grappasonni 0-0: Ball
1-0: Foul Ball, location: 2F
1-1: Fly out, F9 (Line Drive, 9LS)
Batting: RHB Luis Guerrero 0-0: Ball
1-0: Ball
2-0: Called Strike
2-1: Swinging Strike
2-2: Fielders Choice at 2nd, 6-4 (Groundball, 6)
Top of the 6th over - 0 runs, 1 hit, 0 errors, 1 left on base; Northville 0 - Mercer Island 2
BOTTOM OF THE 6TH
Mercer Island Screaming Eagles batting - Pitching for Northville Eclipse : LHP Nobuhito Tanaka
Batting: RHB Robert Paulsen 0-0: Ball
1-0: Called Strike
1-1: Ball
2-1: Ball
3-1: Foul Ball, location: 2F
3-2: Fly out, F9 (Flyball, 89M)
Batting: RHB Stanley van de Ven 0-0: Ball
1-0: DOUBLE (Flyball, 89D)
Batting: LHB Jorge Pérez 0-0: Ground out 4-3 (Groundball, 4)
Stanley van de Ven to third
Batting: LHB Jacob Herman 0-0: Ball
1-0: Foul Ball, location: 2F
1-1: Foul Ball, location: 2F
1-2: Ground out U3 (Groundball, 3)
Bottom of the 6th over - 0 runs, 1 hit, 0 errors, 1 left on base; Northville 0 - Mercer Island 2
TOP OF THE 7TH
Northville Eclipse batting - Pitching for Mercer Island Screaming Eagles : RHP Malulani Anakone
Batting: RHB Luis Hernández 0-0: Foul Ball, location: 2F
0-1: Ground out 6-3 (Groundball, 6D)
Batting: SHB Raúl Rodríguez 0-0: Ground out 4-3 (Groundball, 4S)
Batting: LHB Darrell Woodmansee 0-0: SINGLE (Line Drive, 7LS)
Batting: LHB Octávio Ontiveros 0-0: Ball
1-0: Foul Ball, location: 2F
1-1: Ball
2-1: Ball
3-1: Base on Balls
Darrell Woodmansee to second
Batting: RHB Cosmo Bjorkenheim 0-0: Ground out 5-3 (Groundball, 56S)
Top of the 7th over - 0 runs, 1 hit, 0 errors, 2 left on base; Northville 0 - Mercer Island 2
BOTTOM OF THE 7TH
Mercer Island Screaming Eagles batting - Pitching for Northville Eclipse : LHP Nobuhito Tanaka
Batting: RHB Wade Killefer 0-0: Fly out, F7 (Flyball, 7S)
Batting: RHB Shizuo Heiwajaima 0-0: Foul Ball, location: 2F
0-1: Ball
1-1: DOUBLE (Line Drive, 78D)
Pitching: RHP Will Sims
Batting: RHB Martinus Xhaka 0-0: Foul Ball, location: 2F
0-1: Called Strike
Shizuo Heiwajaima steals 3rd base
0-2: Ball
Wild Pitch!
Shizuo Heiwajaima scores
1-2: Ball
2-2: Fly out, F6 (Line Drive, 56)
Batting: RHB Jeffery Campbell 0-0: Ball
1-0: Called Strike
1-1: Ground out 4-3 (Groundball, 4)
Bottom of the 7th over - 1 run, 1 hit, 0 errors, 0 left on base; Northville 0 - Mercer Island 3
TOP OF THE 8TH
Northville Eclipse batting - Pitching for Mercer Island Screaming Eagles : RHP Malulani Anakone
Batting: LHB Edgardo De Jesús 0-0: Called Strike
0-1: Called Strike
0-2: Ball
1-2: Strikes out looking
Pitching: RHP Armando Garay
Batting: RHB Augusto Rocha 0-0: Foul Ball, location: 2F
0-1: SINGLE (Groundball, 4MD)
Batting: RHB Alfonso Grappasonni 0-0: Called Strike
0-1: Ball
1-1: Swinging Strike
1-2: Ball
2-2: Fielders Choice at 2nd, 4-6 (Groundball, 4M)
Batting: RHB Luis Guerrero 0-0: Called Strike
0-1: Fly out, F7 (Flyball, 7S)
Top of the 8th over - 0 runs, 1 hit, 0 errors, 1 left on base; Northville 0 - Mercer Island 3
BOTTOM OF THE 8TH
Mercer Island Screaming Eagles batting - Pitching for Northville Eclipse : RHP Will Sims
Batting: SHB Ray Davis 0-0: Foul Ball, location: 2F
0-1: Foul Ball, location: 2F
0-2: Ground out U3 (Groundball, 3)
Batting: RHB Robert Paulsen 0-0: Foul Ball, location: 2F
0-1: Ground out 1-3 (Groundball, 13)
Batting: RHB Stanley van de Ven 0-0: Called Strike
0-1: Foul Ball, location: 2F
0-2: Strikes out swinging
Bottom of the 8th over - 0 runs, 0 hits, 0 errors, 0 left on base; Northville 0 - Mercer Island 3
TOP OF THE 9TH
Northville Eclipse batting - Pitching for Mercer Island Screaming Eagles : RHP Armando Garay
Batting: RHB Luis Hernández 0-0: Ball
1-0: Ball
2-0: Ball
3-0: Called Strike
3-1: SINGLE (Line Drive, 7LM)
Batting: SHB Raúl Rodríguez 0-0: Foul Ball, location: 2F
0-1: Called Strike
0-2: Ball
1-2: Ball
2-2: Strikes out swinging
Batting: LHB Darrell Woodmansee 0-0: Ball
1-0: Called Strike
1-1: Ball
2-1: Foul Ball, location: 2F
2-2: Ball
3-2: Base on Balls
Luis Hernández to second
Batting: LHB Octávio Ontiveros 0-0: Called Strike
0-1: Ball
1-1: Ball
2-1: Fly out, F8 (Flyball, 8RD)
Batting: RHB Cosmo Bjorkenheim 0-0: Ball
1-0: Ball
2-0: Ball
3-0: Called Strike
3-1: Swinging Strike
3-2: Base on Balls
Luis Hernández to third
Darrell Woodmansee to second
Batting: LHB Edgardo De Jesús 0-0: Called Strike
0-1: Foul Ball, location: 2F
0-2: Foul Ball, location: 2F
0-2: Strikes out swinging
Top of the 9th over - 0 runs, 1 hit, 0 errors, 3 left on base; Northville 0 - Mercer Island 3
Tuesday, December 19th, 2017 - OOTP Baseball 18.8 Build 76